NYP
BROOKLYN CYCLONES @ HILLSBORO HOPS
08/19/2046
 
TOP OF THE 1ST
Brooklyn Cyclones batting - Pitching for Hillsboro Hops : LHP Travis Osorio
Pitching: LHP Travis Osorio
Batting: RHB Darwin Mills 0-0: Ball
1-0: Foul Ball, location: 2F
1-1: Foul Ball, location: 2F
1-2: Strikes out swinging
Batting: RHB Mike Mathews 0-0: Foul Ball, location: 2F
0-1: Ball
1-1: Ball
2-1: Ground out 6-3 (Groundball, 6, EV 101.2 MPH)
Batting: SHB Harrison Feist 0-0: Called Strike
0-1: Fly out, F9 (Flyball, 9LS, EV 88.1 MPH)
Top of the 1st over - 0 runs, 0 hits, 0 errors, 0 left on base; Brooklyn 0 - Hillsboro 0
BOTTOM OF THE 1ST
Hillsboro Hops batting - Pitching for Brooklyn Cyclones : RHP Adrian Colorado
Pitching: RHP Adrian Colorado
Batting: SHB Blaine Peters 0-0: Called Strike
0-1: Foul Ball, location: 2F
0-2: Ball
1-2: Ball
2-2: Ball
3-2: Strikes out looking
Batting: LHB Soo-yeon Kym 0-0: Called Strike
0-1: Foul Ball, location: 2F
0-2: Foul Ball, location: 2F
0-2: Ball
1-2: Ball
2-2: Foul Ball, location: 2F
2-2: DOUBLE (Flyball, 9LD, EV 111.9 MPH)
Batting: RHB Wen-hua Lei 0-0: Ball
1-0: Ball
2-0: Called Strike
2-1: Ball
3-1: Swinging Strike
3-2: DOUBLE (Line Drive, 9LM, EV 101.9 MPH)
Soo-yeon Kym scores
Pitching: RHP Danny Helm
Batting: LHB Dillon Rizzuto 0-0: Ball
Wen-hua Lei steals 3rd base
1-0: Ball
2-0: Ball
3-0: Base on Balls
Batting: RHB Ian Sousa 0-0: Called Strike
0-1: Called Strike
0-2: Ball
1-2: Foul Ball, location: 2F
1-2: Ball
2-2: Strikes out swinging
Batting: RHB Jeremy Adams 0-0: Called Strike
0-1: Ball
1-1: Called Strike
1-2: Foul Ball, location: 2F
1-2: SINGLE (Line Drive, 9S, EV 91.9 MPH)
Wen-hua Lei scores
Dillon Rizzuto to second
Throwing error, E9
Dillon Rizzuto scores
Jeremy Adams to second
Batting: LHB Ivan Cortez 0-0: Ball
1-0: Ball
2-0: Called Strike
2-1: Ball
Passed Ball!
Jeremy Adams to third
3-1: SINGLE (Groundball, 4D, EV 98.1 MPH)
Jeremy Adams scores
Pitching: RHP Marvin Merino
Batting: RHB Brandon Joshua 0-0: Ball
1-0: Foul Ball, location: 2F
1-1: Called Strike
1-2: Ball
2-2: SINGLE (Groundball, 6MD, EV 104.4 MPH)
Ivan Cortez to second
Runner from 2nd tries for 3rd, SAFE, throw by CF made to third
Brandon Joshua to second
Batting: RHB Trevor Corey 0-0: Ball
1-0: Swinging Strike
1-1: Foul Ball, location: 3F, Error on foul ball, E3
1-2: Ball
2-2: Foul Ball, location: 2F
2-2: Ball
3-2: Base on Balls
Batting: SHB Blaine Peters 0-0: Foul Ball, location: 2F
0-1: Called Strike
0-2: DOUBLE (Line Drive, 9LS, EV 88.1 MPH)
Ivan Cortez scores
Brandon Joshua scores
Trevor Corey to third
Batting: LHB Soo-yeon Kym 0-0: Ball
1-0: Ball
2-0: Called Strike
2-1: Ground out U3 (Groundball, 13, EV 85.0 MPH)
Bottom of the 1st over - 6 runs, 6 hits, 2 errors, 2 left on base; Brooklyn 0 - Hillsboro 6
TOP OF THE 2ND
Brooklyn Cyclones batting - Pitching for Hillsboro Hops : LHP Travis Osorio
Batting: RHB Mike Patterson 0-0: Foul Ball, location: 2F
0-1: Ball
1-1: Fly out, F8 (Flyball, 8LD, EV 91.2 MPH)
Batting: RHB Matt Tittle 0-0: Fly out, F8 (Flyball, 8LS, EV 89.4 MPH)
Batting: LHB Ryan Stegall 0-0: Ball
1-0: Foul Ball, location: 2F
1-1: Foul Ball, location: 2F
1-2: Ball
2-2: Foul Ball, location: 2F
2-2: Foul Ball, location: 2F
2-2: Strikes out swinging
Top of the 2nd over - 0 runs, 0 hits, 0 errors, 0 left on base; Brooklyn 0 - Hillsboro 6
BOTTOM OF THE 2ND
Hillsboro Hops batting - Pitching for Brooklyn Cyclones : RHP Marvin Merino
Batting: RHB Wen-hua Lei 0-0: Called Strike
0-1: SINGLE (Groundball, 4MD, EV 101.9 MPH)
Batting: LHB Dillon Rizzuto 0-0: Ball
1-0: Called Strike
Wen-hua Lei steals 2nd base
1-1: Ball
2-1: Swinging Strike
2-2: Strikes out looking
Batting: RHB Ian Sousa 0-0: Ball
Wen-hua Lei steals 3rd, throwing error, E2
Wen-hua Lei scores
1-0: Ball
2-0: Called Strike
2-1: DOUBLE (Line Drive, 9LS, EV 106.2 MPH)
Batting: RHB Jeremy Adams 0-0: 2-RUN HOME RUN (Flyball, 78XD, EV 113.8 MPH), Distance : 466 ft
Batting: LHB Ivan Cortez 0-0: Foul Ball, location: 2F
0-1: Ball
1-1: DOUBLE (Line Drive, 78XD, EV 108.8 MPH)
Batting: RHB Brandon Joshua 0-0: Foul Ball, location: 2F
0-1: Called Strike
0-2: Single, Error in OF, E7, batter to second base (Groundball, 56, EV 105.6 MPH)
Ivan Cortez scores
Batting: RHB Trevor Corey 0-0: Called Strike
0-1: Swinging Strike
0-2: Ball
1-2: Strikes out swinging
Batting: SHB Blaine Peters 0-0: Swinging Strike
0-1: DOUBLE (Line Drive, 89D, EV 104.4 MPH)
Brandon Joshua scores
Batting: LHB Soo-yeon Kym 0-0: Ball
1-0: Ball
2-0: Ball
3-0: Base on Balls
Batting: RHB Wen-hua Lei 0-0: Ball
1-0: Called Strike
1-1: SINGLE (Groundball, 34D, EV 95.6 MPH)
Blaine Peters to third
Soo-yeon Kym to second
Runner from 3rd tries for Home, SAFE, throw by RF to home
Batting: LHB Dillon Rizzuto 0-0: Ball
1-0: Ball
2-0: Foul Ball, location: 2F
2-1: Foul Ball, location: 2F
2-2: Strikes out looking
Bottom of the 2nd over - 6 runs, 7 hits, 2 errors, 2 left on base; Brooklyn 0 - Hillsboro 12
TOP OF THE 3RD
Brooklyn Cyclones batting - Pitching for Hillsboro Hops : LHP Travis Osorio
Batting: RHB Brad Brown 0-0: Ball
1-0: Swinging Strike
1-1: Ball
2-1: Foul Ball, location: 2F
2-2: Strikes out swinging
Batting: RHB Tyler Lybrand 0-0: Ball
1-0: Swinging Strike
1-1: Swinging Strike
1-2: Strikes out swinging
Batting: RHB Barney Pederson 0-0: Swinging Strike
0-1: Called Strike
0-2: Foul Ball, location: 2F
0-2: Ball
1-2: Strikes out swinging
Top of the 3rd over - 0 runs, 0 hits, 0 errors, 0 left on base; Brooklyn 0 - Hillsboro 12
BOTTOM OF THE 3RD
Hillsboro Hops batting - Pitching for Brooklyn Cyclones : RHP Marvin Merino
Batting: RHB Ian Sousa 0-0: Ball
1-0: Called Strike
1-1: Ball
2-1: Foul Ball, location: 2F
2-2: Foul Ball, location: 2F
2-2: Ball
3-2: Base on Balls
Batting: RHB Jeremy Adams 0-0: Ball
1-0: Foul Ball, location: 2F
1-1: SINGLE (Groundball, 6MD, EV 95.0 MPH)
Ian Sousa to second
Runner from 2nd tries for 3rd, SAFE, throw by CF made to third
Pinch Runner at 3rd Antonio Luisa:
Batting: LHB Ivan Cortez 0-0: Ball
1-0: Foul Ball, location: 2F
1-1: Called Strike
1-2: Strikes out swinging
Batting: RHB Brandon Joshua 0-0: Called Strike
0-1: Ball
Wild Pitch!
Antonio Luisa scores
Jeremy Adams to second
1-1: Ball
2-1: Ball
3-1: Base on Balls
Batting: RHB Trevor Corey 0-0: Called Strike
0-1: Foul Ball, location: 2F
0-2: Strikes out swinging
Batting: SHB Blaine Peters 0-0: Ball
1-0: Foul Ball, location: 2F
1-1: Foul Ball, location: 2F
1-2: Ball
2-2: Ball
3-2: Base on Balls
Jeremy Adams to third
Brandon Joshua to second
Batting: LHB Soo-yeon Kym 0-0: Foul Ball, location: 2F
0-1: Ball
1-1: Fly out, F8 (Flyball, 89S, EV 85.6 MPH)
Bottom of the 3rd over - 1 run, 1 hit, 0 errors, 3 left on base; Brooklyn 0 - Hillsboro 13
TOP OF THE 4TH
Brooklyn Cyclones batting - Pitching for Hillsboro Hops : LHP Travis Osorio
Now at 1B: Antonio Luisa
Batting: RHB Darwin Mills 0-0: Ball
1-0: Ball
2-0: Ball
3-0: Called Strike
3-1: Foul Ball, location: 2F
3-2: Strikes out swinging
Batting: RHB Mike Mathews 0-0: Ball
1-0: Foul Ball, location: 2F
1-1: Foul Ball, location: 2F
1-2: Strikes out swinging
Batting: SHB Harrison Feist 0-0: Ball
1-0: Ball
2-0: Ball
3-0: Called Strike
3-1: Foul Ball, location: 2F
3-2: Fly out, F7 (Line Drive, 7S, EV 91.9 MPH)
Top of the 4th over - 0 runs, 0 hits, 0 errors, 0 left on base; Brooklyn 0 - Hillsboro 13
BOTTOM OF THE 4TH
Hillsboro Hops batting - Pitching for Brooklyn Cyclones : RHP Marvin Merino
Batting: RHB Wen-hua Lei 0-0: Called Strike
0-1: Ground out 4-3 (Groundball, 4, EV 91.2 MPH)
Batting: LHB Dillon Rizzuto 0-0: Ball
1-0: Called Strike
1-1: Ball
2-1: Called Strike
2-2: Fly out, F6 (Popup, 56D, EV 51.2 MPH)
Batting: RHB Antonio Luisa 0-0: Swinging Strike
0-1: Foul Ball, location: 2F
0-2: Strikes out swinging
Bottom of the 4th over - 0 runs, 0 hits, 0 errors, 0 left on base; Brooklyn 0 - Hillsboro 13
TOP OF THE 5TH
Brooklyn Cyclones batting - Pitching for Hillsboro Hops : LHP Travis Osorio
Batting: RHB Mike Patterson 0-0: Ball
1-0: Called Strike
1-1: Foul Ball, location: 2F
1-2: Strikes out swinging
Batting: RHB Matt Tittle 0-0: Called Strike
0-1: Swinging Strike
0-2: Strikes out swinging
Batting: LHB Ryan Stegall 0-0: Called Strike
0-1: Foul Ball, location: 2F
0-2: Ball
1-2: Ground out 4-3 (Groundball, 4, EV 80.0 MPH)
Top of the 5th over - 0 runs, 0 hits, 0 errors, 0 left on base; Brooklyn 0 - Hillsboro 13
BOTTOM OF THE 5TH
Hillsboro Hops batting - Pitching for Brooklyn Cyclones : RHP Marvin Merino
Batting: RHB Jeremy Adams 0-0: Ball
1-0: Ball
2-0: Ball
3-0: Called Strike
3-1: Base on Balls
Batting: LHB Ivan Cortez 0-0: Fly out, F7 (Flyball, 7LS, EV 88.1 MPH)
Batting: RHB Brandon Joshua 0-0: TRIPLE (Groundball, 5L, EV 104.4 MPH)
Jeremy Adams scores
Batting: RHB Trevor Corey 0-0: Ground out 4-3 (Groundball, 4M, EV 86.2 MPH)
Brandon Joshua scores
Batting: SHB Blaine Peters 0-0: Called Strike
0-1: Fly out, F7 (Line Drive, 7, EV 90.6 MPH)
Bottom of the 5th over - 2 runs, 1 hit, 0 errors, 0 left on base; Brooklyn 0 - Hillsboro 15
TOP OF THE 6TH
Brooklyn Cyclones batting - Pitching for Hillsboro Hops : LHP Travis Osorio
Batting: RHB Brad Brown 0-0: Called Strike
0-1: Foul Ball, location: 2F
0-2: Ball
1-2: Strikes out swinging
Batting: RHB Tyler Lybrand 0-0: Called Strike
0-1: Foul Ball, location: 2F
0-2: Strikes out swinging
Batting: RHB Barney Pederson 0-0: Ball
1-0: Called Strike
1-1: Swinging Strike
1-2: Strikes out swinging
Top of the 6th over - 0 runs, 0 hits, 0 errors, 0 left on base; Brooklyn 0 - Hillsboro 15
BOTTOM OF THE 6TH
Hillsboro Hops batting - Pitching for Brooklyn Cyclones : RHP Marvin Merino
Batting: LHB Soo-yeon Kym 0-0: Ground out 1-3 (Groundball, P, EV 72.5 MPH)
Batting: RHB Wen-hua Lei 0-0: Ball
1-0: Ball
2-0: Ball
3-0: Base on Balls
Batting: LHB Dillon Rizzuto 0-0: Ball
1-0: Foul Ball, location: 2F
1-1: Swinging Strike
1-2: Strikes out swinging
Batting: RHB Antonio Luisa 0-0: Ground out 4-3 (Groundball, 4, EV 110.6 MPH)
Bottom of the 6th over - 0 runs, 0 hits, 0 errors, 1 left on base; Brooklyn 0 - Hillsboro 15
TOP OF THE 7TH
Brooklyn Cyclones batting - Pitching for Hillsboro Hops : LHP Travis Osorio
Batting: RHB Darwin Mills 0-0: Ball
1-0: Fly out, F7 (Flyball, 7, EV 79.4 MPH)
Batting: RHB Mike Mathews 0-0: Ground out 5-3 (Groundball, 56, EV 83.8 MPH)
Batting: SHB Harrison Feist 0-0: Swinging Strike
0-1: Ball
1-1: Fly out, F4 (Popup, 4S, EV 78.8 MPH)
Top of the 7th over - 0 runs, 0 hits, 0 errors, 0 left on base; Brooklyn 0 - Hillsboro 15
BOTTOM OF THE 7TH
Hillsboro Hops batting - Pitching for Brooklyn Cyclones : RHP Marvin Merino
Batting: RHB Jeremy Adams 0-0: Ball
1-0: Called Strike
1-1: Ball
2-1: Ball
3-1: Base on Balls
Batting: LHB Ivan Cortez 0-0: Grounds into double play, 6-4-3 (Groundball, 6D, EV 101.2 MPH)
Batting: RHB Brandon Joshua 0-0: Ball
1-0: Fly out, F6 (Popup, 6, EV 74.4 MPH)
Bottom of the 7th over - 0 runs, 0 hits, 0 errors, 0 left on base; Brooklyn 0 - Hillsboro 15
TOP OF THE 8TH
Brooklyn Cyclones batting - Pitching for Hillsboro Hops : LHP Travis Osorio
Batting: RHB Mike Patterson 0-0: Ball
1-0: Called Strike
1-1: Swinging Strike
1-2: Ball
2-2: Ball
3-2: Foul Ball, location: 2F
3-2: Foul Ball, location: 2F
3-2: Base on Balls
Batting: RHB Matt Tittle 0-0: Reached on error, E2 (Groundball, 2R, EV 71.2 MPH)
Mike Patterson to second
Batting: LHB Ryan Stegall 0-0: Sac Bunt to 15S - play at first, batter OUT! 1-3
Mike Patterson to third
Matt Tittle to second
Batting: RHB Brad Brown 0-0: Called Strike
0-1: Swinging Strike
0-2: Strikes out looking
Batting: RHB Tyler Lybrand 0-0: Ball
1-0: Foul Ball, location: 2F
1-1: Reached on error, E1 (Groundball, 15S, EV 61.2 MPH)
Mike Patterson scores
Matt Tittle scores
Pitching: RHP Rory Bornt
Batting: RHB Barney Pederson 0-0: Swinging Strike
0-1: Foul Ball, location: 2F
0-2: Strikes out swinging
Top of the 8th over - 2 runs, 0 hits, 2 errors, 1 left on base; Brooklyn 2 - Hillsboro 15
BOTTOM OF THE 8TH
Hillsboro Hops batting - Pitching for Brooklyn Cyclones : RHP Marvin Merino
Batting: RHB Trevor Corey 0-0: Called Strike
0-1: Ball
1-1: Foul Ball, location: 2F
1-2: Ball
2-2: Strikes out swinging
Batting: SHB Blaine Peters 0-0: Fly out, F9 (Line Drive, 9, EV 90.6 MPH)
Batting: LHB Soo-yeon Kym 0-0: Called Strike
0-1: SINGLE (Groundball, 4D, EV 96.2 MPH)
Batting: RHB Wen-hua Lei 0-0: Foul Ball, location: 2F
0-1: SINGLE (Groundball, 5S, EV 70.6 MPH) (infield hit)
Soo-yeon Kym to second
Batting: LHB Dillon Rizzuto 0-0: Ball
1-0: Ball
Passed Ball!
Soo-yeon Kym to third
Wen-hua Lei to second
2-0: Reached on error, E5 (Groundball, 5L, EV 103.1 MPH)
Soo-yeon Kym scores
Wen-hua Lei to third
Batting: RHB Antonio Luisa 0-0: Ground out U3 (Groundball, 3L, EV 81.9 MPH)
Bottom of the 8th over - 1 run, 2 hits, 1 error, 2 left on base; Brooklyn 2 - Hillsboro 16
TOP OF THE 9TH
Brooklyn Cyclones batting - Pitching for Hillsboro Hops : RHP Rory Bornt
Batting: RHB Darwin Mills 0-0: Ball
1-0: Swinging Strike
1-1: Swinging Strike
1-2: Ball
2-2: Strikes out swinging
Batting: RHB Mike Mathews 0-0: Called Strike
0-1: Swinging Strike
0-2: Strikes out swinging
Batting: SHB Harrison Feist 0-0: Ball
1-0: Called Strike
1-1: Called Strike
1-2: Foul Ball, location: 2F
1-2: Strikes out swinging
Top of the 9th over - 0 runs, 0 hits, 0 errors, 0 left on base; Brooklyn 2 - Hillsboro 16
Tuesday, September 13th , 2022 - OOTP Baseball 23.7 Build 88